 Dungeon Crawl Stone Soup version 0.19-a0-990-gf36c7f1 (webtiles) character file.

3598 rageheart7 the Grappler (level 9, -20/89 HPs)
             Began as a Troll Gladiator on July 14, 2016.
             Demolished by an orc warrior
             ... wielding a +0 broad axe
              (21 damage)
             ... in a bailey.
             The game lasted 00:13:50 (5464 turns).

rageheart7 the Grappler (Troll Gladiator)           Turns: 5464, Time: 00:13:51

Health: -20/89     AC: 12    Str: 30 (31) XL:     9   Next: 85%
Magic:  8/8        EV: 16    Int:  8 (9)  God:
Gold:   383        SH:  0    Dex: 19 (21) Spells: 0 memorised, 8 levels left

rFire  . . .     SeeInvis .       - Unarmed
rCold  . . .     Gourm    +     l - +2 robe "Tialan" {Dex+4}
rNeg   . . .     Faith    .     (no shield)
rPois  .         Spirit   .     b - +2 hat
rElec  .         Dismiss  .     y - +2 cloak {MR+}
rCorr  .         Reflect  .     (gloves unavailable)
SustAt .         Harm     .     (boots unavailable)
MR     +....                    (no amulet)
Stlth  +++.......               t - +3 ring of strength
                                D - +2 ring of strength

@: brilliant, agile, very slightly contaminated, somewhat resistant to hostile
enchantments, fairly stealthy
A: unfitting armour, claws 3, fast metabolism 3, gourmand, regeneration 2,
shaggy fur 1, tough skin 2
a: no special abilities


You were in a bailey.
You were completely stuffed.

You visited 1 branch of the dungeon, and saw 7 of its levels.
You also visited: Sewer and Bailey.

You collected 383 gold pieces.

Inventory:

Hand Weapons
 H - a +0 eveningstar of pain
Missiles
 c - 3 throwing nets (quivered)
Armour
 b - a +2 hat (worn)
 l - the +2 robe "Tialan" (worn) {Dex+4}
   (You found it on level 7 of the Dungeon)

   It affects your dexterity (+4).
 y - a +2 cloak of magic resistance (worn)
 A - a +2 robe of cold resistance
Jewellery
 t - a +3 ring of strength (right claw)
 C - an uncursed ring of poison resistance
 D - a +2 ring of strength (left claw)
Wands
 a - a wand of iceblast (4/15)
 h - a wand of lightning (0/15)
 p - a wand of polymorph (13/24)
 r - a wand of acid (0/15)
 v - a wand of iceblast (3/15)
 w - a wand of slowing (25/48)
 E - a wand of lightning (3/15)
Scrolls
 e - 2 scrolls of magic mapping
 j - a scroll of blinking
 q - a scroll of enchant weapon
 s - 2 scrolls of remove curse
Potions
 i - a potion of resistance
 k - 3 potions of cancellation
Books
 F - a book of Maledictions

   Spells                             Type                      Level
   a - Corona                         Hexes                        1
   b - Ensorcelled Hibernation        Hexes/Ice                    2
   c - Confuse                        Hexes                        3
   d - Tukima's Dance                 Hexes                        3
   e - Dazzling Spray                 Conjuration/Hexes            3
Comestibles
 d - 5 bread rations
 f - 3 beef jerkies
 m - 4 meat rations
 n - a royal jelly
 o - 20 fruits
 B - 8 chunks of flesh


   Skills:
 + Level 5.9 Fighting
 - Level 1.7 Throwing
 - Level 2.4 Dodging
 * Level 12.3 Unarmed Combat
 + Level 0.7 Evocations


You had 8 spell levels left.
You didn't know any spells.

Dungeon Overview and Level Annotations

Branches:
Dungeon (7/15)             Temple (0/1) D:7

Altars:
Elyvilon
Gozag
Kikubaaqudgha
Sif Muna
Vehumet
Yredelemnul

Annotations:
Bailey Lorrdernie's ghost, novice HEIE


Innate Abilities, Weirdness & Mutations

You are too large for most types of armour.
You have claws for hands.
Your metabolism is lightning-fast.
You like to eat raw meat.
You heal very quickly.
You are covered in fur. (AC +1)
You have very tough skin. (AC +2)


Message History

Aim: an orc warrior, wielding a broad axe and wearing a scale mail (heavily wounded, unusually strong, covered in acid)
You hear a mighty clap of thunder!
The bolt of lightning hits the orc warrior.
The orc warrior is heavily wounded.
The bolt of lightning hits Lorrdernie's ghost.
Lorrdernie's ghost is heavily damaged.
The bolt of lightning hits the orc.
The orc is severely wounded.
Evoking this partially-identified wand wasted a few charges.
You hear a shout! x5
The orc warrior closely misses you.
You claw the orc warrior!
The orc warrior is almost dead.
The hobgoblin hits you with a war axe.
* * * LOW HITPOINT WARNING * * *
You closely miss the orc warrior.
The orc warrior is almost dead.
The hobgoblin closely misses you.
The orc warrior hits you with a broad axe!!
You die...

.... ... .. ### ### #
###.### '#.## ###
###.....### ##.....
..###.........###.......
...#..........##8.......
...#o.........o#8.......
...#.§.......oWo@....⌠...
...#..........o#8g.......
...#..........##8.o......
).###)........###.......
###.###.....###.###.....
#.....###.###.....#'#.##
........###......g).###
.........#...)....)..#
.)....)).#.....o.....#


You could see an orc warlord, 2 orc warriors, Lorrdernie's ghost, 2 orcs and a
hobgoblin.

Vanquished Creatures
  Pikel (D:6)
  Sigmund (D:6)
  Edmund (D:5)
  Menkaure (D:5)
  Purgy (Sewer)
  3 slaves (D:6)
  2 ice beasts (D:5)
  11 orc warriors
  A phantom (D:6)
  3 ogres
  A centaur (D:5)
  2 giant frogs
  2 scorpions
  2 crimson imps (D:6)
  A quasit (D:6)
  Crazy Yiuf (D:5)
  2 hounds
  3 orc priests
  2 orc wizards
  A gnoll shaman (D:6)
  2 worker ant zombies
  24 gnolls
  A howler monkey skeleton (D:4)
  6 adders
  A white imp (D:6)
  An ooze (D:2)
  An adder skeleton (D:6)
  An adder zombie (D:5)
  2 worms
  A dart slug (D:1)
  3 giant geckos
  17 orcs
  2 ball pythons
  A bat skeleton (D:3)
  4 bat zombies (D:3)
  5 giant cockroaches
  26 goblins
  16 hobgoblins
  4 jackals (D:7)
  9 kobolds
  2 quokkas
  8 bats
  A giant gecko skeleton (D:4)
  A giant gecko zombie (D:5)
  5 giant newts
  A jackal zombie (D:5)
  5 rats
192 creatures vanquished.

Vanquished Creatures (others)
  A slave (D:6)
  A gnoll (D:6)
  An adder (D:3)
3 creatures vanquished.

Grand Total: 195 creatures vanquished

Notes
Turn   | Place    | Note
-------+----------+-------------------------------------------
     0 | D:1      | rageheart7 the Troll Gladiator began the quest for the Orb.
     0 | D:1      | Reached XP level 1. HP: 19/19 MP: 0/0
   140 | D:1      | Reached XP level 2. HP: 27/27 MP: 1/1
   484 | D:2      | Found a basalt altar of Yredelemnul.
   494 | D:2      | Reached skill level 4 in Unarmed Combat
   645 | D:2      | Reached XP level 3. HP: 35/35 MP: 2/2
   937 | D:2      | Reached XP level 4. HP: 42/42 MP: 3/3
   942 | D:2      | Reached skill level 5 in Unarmed Combat
  1388 | D:3      | Found a glowing drain.
  1412 | Sewer    | Entered a sewer
  1435 | Sewer    | Noticed Purgy
  1439 | Sewer    | Gained mutation: You are frail. (-10% HP) [potion of mutation]
  1439 | Sewer    | Gained mutation: You are resistant to hostile enchantments. (MR+) [potion of mutation]
  1439 | Sewer    | Gained mutation: Your spells are a little harder to cast, but a little more powerful. [potion of mutation]
  1440 | Sewer    | Gained mutation: You expend magic power (3 MP) to strengthen your wands. [potion of mutation]
  1440 | Sewer    | Gained mutation: You are weak. (Str -2) [potion of mutation]
  1445 | Sewer    | Killed Purgy
  1445 | Sewer    | Reached skill level 6 in Unarmed Combat
  1445 | Sewer    | Reached XP level 5. HP: 44/44 MP: 4/4
  1843 | D:3      | Reached XP level 6. HP: 51/51 MP: 5/5
  2333 | D:3      | Found an ancient bone altar of Kikubaaqudgha.
  2549 | D:4      | Reached skill level 7 in Unarmed Combat
  2856 | D:4      | Found a white marble altar of Elyvilon.
  2953 | D:4      | Reached XP level 7. HP: 59/59 MP: 6/6
  3134 | D:4      | Found a deep blue altar of Sif Muna.
  3261 | D:5      | Entered Level 5 of the Dungeon
  3261 | D:5      | Noticed Menkaure
  3261 | D:5      | Noticed Edmund
  3352 | D:5      | Killed Edmund
  3352 | D:5      | Reached skill level 8 in Unarmed Combat
  3390 | D:5      | Killed Menkaure
  3485 | D:5      | Found a radiant altar of Vehumet.
  3612 | D:5      | Reached skill level 9 in Unarmed Combat
  3612 | D:5      | Reached XP level 8. HP: 58/67 MP: 7/7
  3764 | D:5      | Found a runed door.
  3967 | D:5      | Noticed Crazy Yiuf
  3972 | D:5      | Killed Crazy Yiuf
  4098 | D:6      | Noticed Pikel
  4112 | D:6      | Killed Pikel
  4112 | D:6      | Reached skill level 10 in Unarmed Combat
  4516 | D:6      | Noticed Sigmund
  4534 | D:6      | Killed Sigmund
  4534 | D:6      | Reached XP level 9. HP: 66/78 MP: 8/8
  4674 | D:6      | Reached skill level 11 in Unarmed Combat
  4677 | D:6      | Reached skill level 5 in Fighting
  4911 | D:7      | Found an opulent altar of Gozag.
  4921 | D:7      | Got a thick robe
  5059 | D:7      | Found a flagged portal.
  5103 | Bailey   | Entered a bailey
  5114 | Bailey   | Identified the +2 robe "Tialan" {Dex+4} (You found it on level 7 of the Dungeon)
  5405 | Bailey   | Reached skill level 12 in Unarmed Combat
  5430 | Bailey   | Noticed an orc warlord
  5438 | Bailey   | Noticed Lorrdernie's ghost (novice HEIE)
  5452 | Bailey   | Lost mutation: You expend magic power (3 MP) to strengthen your wands. [potion of cure mutation]
  5452 | Bailey   | Lost mutation: Your spells are a little harder to cast, but a little more powerful. [potion of cure mutation]
  5452 | Bailey   | Lost mutation: You are weak. (Str -2) [potion of cure mutation]
  5452 | Bailey   | Lost mutation: You are frail. (-10% HP) [potion of cure mutation]
  5452 | Bailey   | Lost mutation: You are resistant to hostile enchantments. (MR+) [potion of cure mutation]
  5461 | Bailey   | HP: 4/89 [hobgoblin/war axe (1)]
  5463 | Bailey   | HP: 1/89 [hobgoblin/war axe (4)]
  5464 | Bailey   | Demolished by an orc warrior

Vault maps used:
D:1:      sevenhm_arrival_forest_fort_small_6
D:2:      yredelemnul_altar_generic, first_bread, guppyfry_early_lair_pool
D:3:      kennysheep_vampire_church, gup_sewer_entry_glass, serial_forest,
          infiniplex_forest_3_way, infiniplex_forest_fountain,
          infiniplex_forest_corner_1, infiniplex_forest_end_2,
          infiniplex_forest_end_double, infiniplex_forest_lined_2, st_stairs_1
D:4:      led_sif_pool, nicolae_overflow_crystal_walls,
          nicolae_overflow_hidden_temple, minmay_misc_feat_five,
          minmay_surrounded
D:5:      vehumet_crystals, minmay_misc_feat_tiny, grunt_ministairs_10,
          uniq_crazy_yiuf_cottage, uniq_menkaure, uniq_edmund
D:6:      minmay_fire_ice_demons, uniq_pikel, uniq_sigmund
D:7:      grunt_gozag_statues, enter_bailey_3, basic_altar
Sewer:    kennysheep_door_sewer
Bailey:   bailey_axe_minmay_hex_keep, bailey

Skill      XL: |  1  2  3  4  5  6  7  8  9 |
---------------+----------------------------+-----
Unarmed Combat | 4 6 7 9 10 12 | 12.3
Fighting       | 2 3 4 5 |  5.9
Throwing       | |  1.7
Dodging        | |  2.4
Evocations     | |  0.7

Action                   |  1- 3 |  4- 6 |  7- 9 || total
-------------------------+-------+-------+-------++-------
Melee: Unarmed           |    92 |   132 |   281 ||   505
       Punch             |     1 |     3 |    11 ||    15
Evoke: Wand              |       |       |    10 ||    10
  Use: Scroll            |       |     8 |     9 ||    17
       Potion            |       |     7 |     9 ||    16
 Stab: Sleeping          |       |     1 |       ||     1
       Invisible         |       |     4 |       ||     4
       Distracted        |       |       |     2 ||     2
  Eat: Chunk             |    14 |    19 |    23 ||    56
Armor: Robe              |    29 |    78 |    83 ||   190
       Skin              |       |     6 |     8 ||    14
Dodge: Dodged            |    59 |   101 |   123 ||   283
